 Dungeon Crawl Stone Soup version 0.17-a0-854-g4a4ba72 (webtiles) character file.

12598 Lokkij the Cruncher (level 11, -4/54 HPs)
             Began as a Tengu Venom Mage on Apr 28, 2015.
             Was a High Priest of Okawaru.
             Slain by a spiny frog (17 damage)
             ... on level 1 of the Lair of Beasts.
             The game lasted 01:13:46 (17313 turns).

Lokkij the Cruncher (Tengu Venom Mage)             Turns: 17313, Time: 01:13:46

Health: -4/54      AC:  7    Str:  9    XL:     11   Next: 95%
Magic:  27/31      EV: 16    Int: 17    God:    Okawaru [*****.]
Gold:   841        SH:  0    Dex: 14    Spells: 4 memorised, 13 levels left

rFire  . . .     SeeInvis .     l - +10 spear of the Goat {holy, +Inv}
rCold  . . .     Clarity  .     Q - +2 leather armour {MR+}
rNeg   . . .     SustAb   .     (no shield)
rPois  +         Gourm    .     H - +1 hat "Danleg" {+Fly Regen+}
rElec  .         Spirit   .     s - +0 cloak
rCorr  .         Warding  .     (no gloves)
rMut   .         Stasis   .     (boots unavailable)
MR     +....                    (no amulet)
Stlth  ++........               e - ring of magical power
                                B - ring of poison resistance

@: somewhat resistant to hostile enchantments, unstealthy
A: beak, talons 3, dopey 1, able to fly 1
a: Fly, Heroism, Finesse, Renounce Religion, Evoke Invisibility, Evoke Flight


You were on level 1 of the Lair of Beasts.
You worshipped Okawaru.
Okawaru was extremely pleased with you.
You were not hungry.

You visited 4 branches of the dungeon, and saw 14 of its levels.

You collected 977 gold pieces.
You spent 136 gold pieces at shops.

Inventory:

Hand weapons
 a - a +0 quarterstaff
 l - the +10 spear of the Goat (weapon) {holy, +Inv}
   (You found it on level 7 of the Dungeon)

   It has been blessed by the Shining One to cause great damage to the undead
   and demons.
   It lets you turn invisible.
 N - a +0 long sword of protection
Missiles
 m - 3 tomahawks of returning (quivered)
 n - 6 javelins
Armour
 s - a +0 cloak (worn)
 x - a +1 robe of cold resistance
 z - a +0 troll leather armour
 H - the +1 hat "Danleg" (worn) {+Fly Regen+}
   (Okawaru gifted it to you on level 1 of the Lair of Beasts)

   It lets you fly.
   It increases your rate of regeneration.
 Q - a +2 leather armour of magic resistance (worn)
Magical staves
 J - an uncursed staff of conjuration
 P - an uncursed staff of wizardry
Jewellery
 e - a ring of magical power (right hand)
 p - an uncursed ring of sustain abilities
 r - an uncursed amulet of guardian spirit
 t - a +5 ring of intelligence
 B - a ring of poison resistance (left hand)
Magical devices
 k - a wand of digging (0)
 o - a wand of invisibility (3)
 O - a wand of confusion (23)
 V - a wand of frost (16)
 W - a wand of polymorph (6)
Scrolls
 f - 2 scrolls of magic mapping
 h - a scroll of enchant weapon
 j - 5 scrolls of remove curse
 q - 4 scrolls of identify
 w - a scroll of fog {unknown}
 y - 3 scrolls of recharging
 A - a scroll of torment
 E - a scroll of immolation {unknown}
 S - a scroll of amnesia
 U - 2 scrolls of noise {unknown}
 X - a scroll of teleportation
Potions
 i - 4 potions of curing
 u - a potion of cancellation {unknown}
 v - a potion of lignification
 C - a potion of agility
 F - 2 potions of magic
 G - a potion of mutation
 L - a potion of flight
 M - a potion of might
Books
 b - a Young Poisoner's Handbook

   Spells                             Type                      Level
   a - Sting                          Conjuration/Poison           1
   b - Cure Poison                    Poison                       2
   c - Mephitic Cloud                 Conjuration/Poison/Air       3
   d - Olgreb's Toxic Radiance        Poison                       4
   e - Venom Bolt                     Conjuration/Poison           5
 I - the Papyrus of the End
   (You found it on level 8 of the Dungeon)

   Spells                             Type                      Level
   a - Summon Small Mammal            Summoning                    1
   b - Recall                         Summoning/Translocation      3
   c - Summon Lightning Spire         Summoning/Air                4
   d - Summon Mana Viper              Hexes/Summoning              5
   e - Summon Demon                   Summoning                    5
 K - Sif Muna's Compendium of the Mountains
   (You found it on level 8 of the Dungeon)

   Spells                             Type                      Level
   a - Sandblast                      Earth                        1
 R - a book of Callings

   Spells                             Type                      Level
   a - Summon Small Mammal            Summoning                    1
   b - Call Imp                       Summoning                    2
   c - Call Canine Familiar           Summoning                    3
   d - Summon Guardian Golem          Hexes/Summoning              3
   e - Summon Lightning Spire         Summoning/Air                4
   f - Summon Ice Beast               Ice/Summoning                4
Miscellaneous
 T - a lamp of fire
Comestibles
 c - 6 bread rations
 d - 5 meat rations
 D - 4 royal jellies


   Skills:
 + Level 13.2 Staves
 + Level 7.9 Dodging
 - Level 2.0 Stealth
 - Level 7.2 Spellcasting
 - Level 10.1 Conjurations
 + Level 7.0 Poison Magic


You had 13 spell levels left.
You knew the following spells:

 Your Spells              Type           Power        Failure   Level  Hunger
a - Sting                 Conj/Pois      ####         1%          1    None
b - Mephitic Cloud        Conj/Pois/Air  ####....     4%          3    ##.....
c - Venom Bolt            Conj/Pois      #####.....   17%         5    #####..
d - Cure Poison           Pois           ####......   1%          2    None


Dungeon Overview and Level Annotations

Branches:
Dungeon (11/15)            Temple (1/1) D:6            Lair (1/8) D:10
    Orc (1/4) D:11

Altars:
Ashenzari
Cheibriados
Dithmenos
Elyvilon
Fedhas
Gozag
Kikubaaqudgha
Makhleb
Nemelex Xobeh
Okawaru
Qazlal
Ru
Sif Muna
Trog
Vehumet
Xom
Yredelemnul
Zin
The Shining One
Beogh

Shops:
D:8 [*   D:10 (

Annotations:
D:5 exclusion: door


Innate Abilities, Weirdness & Mutations

You have a beak for a mouth.
You have claws for feet.
You can fly.
You are dopey. (Int -2)


Message History

The spiny frog is lightly wounded.
The spiny frog completely misses you.
You hit the spiny frog.
You claw the spiny frog, but do no damage.
The spiny frog is moderately wounded.
The spiny frog barely misses you.
You hit the spiny frog but do no damage.
The spiny frog is moderately wounded.
The porcupine bites you. The spiny frog stings you!!
You hit the spiny frog.
The spiny frog is moderately wounded.
The spiny frog stings you!!
* * * LOW HITPOINT WARNING * * *
Drink which item? (? for menu, Esc to quit)
Okay, then.
Read which item? (? for menu, Esc to quit)
Okay, then.
The porcupine looks more healthy.
The spiny frog stings you!
You die...

.................#....
#P...................
#PP....##P..##..#...⌠
##.....#######.......
#.....''...##....#..
##.....##...##....#..
+...........##.... ##
..#.....##...# . . .
#..@..##...# ###+
#..F..######
.###.#.###.....##P#
....................
.....................
.....................
....................
..######..........
..........


You could see a spiny frog.

Vanquished Creatures
  Erica (Lair:1)
  2 hill giants
  A cyclops (D:10)
  A black mamba (Lair:1)
  2 spiny frogs (Lair:1)
  2 trolls
  2 two-headed ogres
  13 yaks
  2 hungry ghosts
  2 hippogriffs (Lair:1)
  A steam dragon (D:8)
  6 wolves (Lair:1)
  A wraith (D:11)
  2 porcupines (Lair:1)
  An eye of draining (D:11)
  7 orc warriors
  4 phantoms
  2 black bears
  2 centaurs
  5 ogres
  3 crocodiles (Lair:1)
  6 giant frogs
  2 gnoll sergeants (D:7)
  A wyvern zombie (D:8)
  8 killer bees
  A centaur zombie (D:7)
  3 crimson imps
  9 hounds
  18 orc priests
  6 jellies
  2 centaur skeletons
  3 giant frog skeletons
  2 gnoll shamans
  3 iguanas
  13 orc wizards
  12 worker ants
  4 sheep (Lair:1)
  2 hound zombies
  2 hound skeletons
  13 adders
  14 river rats (Lair:1)
  15 gnolls
  2 shadow imps
  An ooze (D:2)
  2 adder zombies
  An adder skeleton (D:6)
  A worm (D:2)
  7 giant geckos
  71 orcs
  4 ball pythons
  15 bats
  6 giant cockroaches
  19 hobgoblins
  2 quokkas
  2 giant gecko zombies (D:5)
  2 giant newts
  3 giant spores (D:10)
  11 goblins
  12 jackals
  A jackal skeleton (D:4)
  15 kobolds
  14 rats
  17 ballistomycetes
409 creatures vanquished.

Vanquished Creatures (others)
  A crimson imp (D:10)
  An iguana (D:7)
  2 giant spores
  A ballistomycete (D:10)
5 creatures vanquished.

Grand Total: 414 creatures vanquished

Notes
Turn   | Place    | Note
--------------------------------------------------------------
     0 | D:1      | Lokkij, the Tengu Venom Mage, began the quest for the Orb.
     0 | D:1      | Reached XP level 1. HP: 10/10 MP: 4/4
   305 | D:1      | Reached XP level 2. HP: 15/15 MP: 0/6
  1088 | D:2      | Reached XP level 3. HP: 12/19 MP: 1/7
  1203 | D:2      | Learned a level 3 spell: Mephitic Cloud
  1407 | D:2      | Reached skill level 1 in Conjurations
  1743 | D:2      | Reached XP level 4. HP: 17/24 MP: 0/8
  1954 | D:2      | Reached skill level 5 in Poison Magic
  2985 | D:3      | Gained mutation: You can fly. [Tengu growth]
  2985 | D:3      | Reached XP level 5. HP: 28/28 MP: 3/10
  3864 | D:3      | Reached XP level 6. HP: 32/32 MP: 7/12
  4154 | D:4      | You fall through a shaft for 2 floors!
  4179 | D:5      | Entered Level 5 of the Dungeon
  4432 | D:5      | Noticed a troll
  4622 | D:4      | Found a shattered altar of Ashenzari.
  4760 | D:4      | Learned a level 5 spell: Venom Bolt
  5126 | D:5      | Found an iron altar of Okawaru.
  5135 | D:5      | Became a worshipper of Warmaster Okawaru
  5186 | D:5      | Reached skill level 6 in Poison Magic
  5193 | D:5      | Reached skill level 1 in Staves
  5193 | D:5      | Reached XP level 7. HP: 36/36 MP: 1/14
  5503 | D:5      | Killed a troll
  5503 | D:5      | Acquired Okawaru's first power
  5805 | D:5      | Reached skill level 5 in Conjurations
  5969 | D:5      | Reached XP level 8. HP: 27/41 MP: 8/16
  6569 | D:6      | Reached skill level 5 in Spellcasting
  6760 | D:6      | Reached skill level 5 in Staves
  6826 | D:6      | Found a staircase to the Ecumenical Temple.
  6831 | Temple   | Entered the Ecumenical Temple
  8758 | D:7      | Got a fine spear
  8759 | D:7      | Identified the +10 spear of the Goat {holy, +Inv} (You found it on level 7 of the Dungeon)
  8806 | D:7      | Reached skill level 7 in Conjurations
  9020 | D:7      | Reached XP level 9. HP: 41/45 MP: 14/17
  9301 | D:7      | Reached skill level 8 in Staves
 10104 | D:7      | Reached skill level 9 in Staves
 10681 | D:8      | Found a shadowy altar of Dithmenos.
 10692 | D:8      | Identified the Papyrus of the End
 10761 | D:8      | Found Cuaj's General Store.
 10842 | D:8      | Found a deep blue altar of Sif Muna.
 10893 | D:8      | Identified Sif Muna's Compendium of the Mountains
 11018 | D:8      | Found Roprul's Antique Armour Shoppe.
 11021 | D:8      | Bought a transparent robe for 136 gold pieces
 11031 | D:8      | Identified the cursed -5 robe of Misfortune {-Cast Contam *Tele EV-4 Str-2 Int-2 Dex-2 Stlth-- Curse} (You bought it in a shop on level 8 of the Dungeon)
 11068 | D:8      | Gained mutation: You are dopey. (Int -2) [mutagenic glow]
 11519 | D:8      | Reached skill level 10 in Staves
 11828 | D:9      | Reached XP level 10. HP: 46/50 MP: 12/18
 12274 | D:9      | Got an encrusted rapier
 12275 | D:9      | Identified the +5 rapier of Propriety {flame, +Inv rF- Int+4} (You found it on level 9 of the Dungeon)
 12400 | D:9      | Reached skill level 11 in Staves
 12749 | D:9      | Reached skill level 10 in Conjurations
 13783 | D:10     | Entered Level 10 of the Dungeon
 13906 | D:10     | Noticed a cyclops
 13914 | D:10     | Killed a cyclops
 14233 | D:10     | Reached skill level 12 in Staves
 14233 | D:10     | Reached skill level 5 in Dodging
 14432 | D:10     | Reached XP level 11. HP: 54/54 MP: 17/21
 14628 | D:10     | Noticed a hill giant
 14641 | D:10     | Killed a hill giant
 14724 | D:10     | Found Gext's Antique Weapon Shop.
 14790 | D:10     | Found a staircase to the Lair.
 15079 | Lair:1   | Entered Level 1 of the Lair of Beasts
 15421 | D:10     | Found a roughly hewn altar of Beogh.
 15482 | D:11     | Noticed a hill giant
 15508 | D:11     | Killed a hill giant
 15959 | D:11     | Found a staircase to the Orcish Mines.
 15964 | Orc:1    | Entered Level 1 of the Orcish Mines
 16245 | Lair:1   | Learned a level 2 spell: Cure Poison
 16491 | Lair:1   | Acquired Okawaru's second power
 16658 | Lair:1   | Noticed Erica
 16668 | Lair:1   | Killed Erica
 16764 | Lair:1   | Reached skill level 13 in Staves
 17030 | Lair:1   | Received a gift from Okawaru
 17031 | Lair:1   | Got a pitted hat {god gift}
 17037 | Lair:1   | Identified the +1 hat "Danleg" {+Fly Regen+} (Okawaru gifted it to you on level 1 of the Lair of Beasts)
 17313 | Lair:1   | Slain by a spiny frog

Action                   |  1- 3 |  4- 6 |  7- 9 | 10-12 || total
-------------------------+-------+-------+-------+-------++-------
Melee: Unarmed           |    12 |       |       |       ||    12
       Short sword       |    24 |    38 |       |       ||    62
       Hand axe          |       |    75 |       |       ||    75
       Quarterstaff      |       |    17 |   145 |       ||   162
       War axe           |       |     8 |       |       ||     8
       Spear             |       |       |   128 |   430 ||   558
Throw: Tomahawk          |     9 |    21 |     1 |       ||    31
       Javelin           |       |     1 |       |       ||     1
 Cast: Sting             |    50 |    93 |   198 |   169 ||   510
       Mephitic Cloud    |       |    10 |    25 |    43 ||    78
       Venom Bolt        |       |       |     2 |    18 ||    20
       Cure Poison       |       |       |       |     1 ||     1
Invok: Heroism           |       |       |     2 |     2 ||     4
 Abil: Fly               |       |       |     1 |       ||     1
Evoke: Wand              |       |       |     2 |       ||     2
  Use: Scroll            |       |     5 |     6 |    11 ||    22
       Potion            |       |     6 |    10 |     4 ||    20
 Stab: Sleeping          |       |     5 |     3 |     2 ||    10
       Confused          |       |     1 |     1 |     5 ||     7
       Distracted        |       |       |       |     2 ||     2
  Eat: Chunk             |     3 |    12 |    20 |    21 ||    56
       Fruit             |       |       |     2 |     4 ||     6
       Beef jerky        |       |       |     1 |       ||     1
       Pizza             |       |       |       |     2 ||     2
